 Dungeon Crawl Stone Soup version 0.18.1-48-g4cf74bf (webtiles) character file.

68 rlgrobin the Insei (level 4, 0/35 HPs)
             Began as a Mummy Monk on Sept 2, 2016.
             Slain by a gnoll (8 damage)
             ... on level 2 of the Dungeon.
             The game lasted 00:03:34 (2070 turns).

rlgrobin the Insei (Mummy Monk)                     Turns: 2070, Time: 00:03:35

Health: 0/35       AC:  0    Str: 14    XL:     4   Next: 1%
Magic:  4/4        EV: 13    Int:  9    God:
Gold:   34         SH:  0    Dex: 15    Spells: 0 memorised, 3 levels left

rFire  x . .     SeeInvis .       - Unarmed
rCold  + . .     Gourm    .     (no armour)
rNeg   + + +     Faith    .     (no shield)
rPois  ∞         Spirit   .     (no helmet)
rElec  .         Dismiss  .     (no cloak)
rCorr  .         Reflect  .     (no gloves)
SustAt .         Harm     .     (no boots)
MR     .....                    (no amulet)
Stlth  ++........               (no ring)
                                (no ring)

@: not resistant to hostile enchantments, unstealthy
A: no food or potions, fire vulnerability, cold resistance 1, negative energy
resistance 3, torment resistance, unbreathing
a: no special abilities


You were on level 2 of the Dungeon.
You were not hungry.

You visited 1 branch of the dungeon, and saw 2 of its levels.

You collected 34 gold pieces.


Innate Abilities, Weirdness & Mutations

You do not eat or drink.
Your flesh is vulnerable to fire.
You are immune to poison.
Your flesh is cold resistant.
You are immune to negative energy.
You are immune to unholy pain and torment.
You can survive without breathing.


   Skills:
 - Level 3.0 Fighting
 - Level 2.4 Dodging
 - Level 1.5 Stealth
 + Level 4.6 Unarmed Combat


You had 3 spell levels left.
You didn't know any spells.

Inventory:

Scrolls
 a - a scroll of fog {unknown}
 b - a scroll of enchant armour {unknown}
 c - 3 scrolls of magic mapping {unknown}

Dungeon Overview and Level Annotations

Branches:
Dungeon (2/15)

Altars:
Elyvilon

▒▒▒ ▒▒g▒▒ ▒▒▒ ▒▒.▒M▒▒
▒▒▒.▒▒▒▒▒
▒▒.▒▒▒g▒▒▒▒▒▒▒..▒....▒
▒▒▒▒▒▒.▒▒ ▒▒........▒▒▒.▒.▒
▒.......▒▒▒.▒▒▒▒▒▒▒..▒.▒▒.▒
▒.▒▒▒▒▒▒.▒.▒▒ ▒.▒..▒▒.▒ ▒÷▒
▒▒.▒▒ ▒.▒▒.▒▒.▒ ▒<▒ ▒▒▒
▒.▒▒.▒▒.▒ ▒.▒ ▒.......▒
▒▒▒▒g▒▒▒▒ ▒▒▒▒▒▒▒▒
▒▒▒▒.▒▒▒▒


You could see 2 gnolls.


Message History

The gnoll hits you from afar with a halberd!!!
There are monsters nearby!!!
There are monsters nearby!!!
There is a stone staircase leading up here!
You see here a bat skeleton!
There is a stone staircase leading up here!
You swing at nothing!
There is a stone staircase leading up here!
The gnoll shouts!!!
The gnoll misses you!
You pummel the gnoll like a punching bag!
The gnoll is heavily wounded!
The gnoll misses you! x2
You barely miss the gnoll!
The gnoll is heavily wounded!
The gnoll barely misses you!
You closely miss the gnoll!
The gnoll is heavily wounded!
The gnoll barely misses you! x2
You closely miss the gnoll!
The gnoll is heavily wounded!
The gnoll hits you with a halberd!!! * * * don't die
* * * The gnoll barely misses you!
You closely miss the gnoll!
The gnoll is heavily wounded!
The gnoll hits you with a halberd!!! * * * don't die
* * * The gnoll hits you!!! rip

Action                   |  1- 3 |  4- 6 || total
-------------------------+-------+-------++-------
Melee: Unarmed           |    96 |     5 ||   101
       Punch             |     4 |       ||     4
 Stab: Sleeping          |     4 |       ||     4
Dodge: Dodged            |    45 |     7 ||    52

Vault maps used:
D:1:      dpeg_arrival_castle
D:2:      marbit_many_paths, first_bread, serial_park_tiny_pond,
          elyvilon_altar_4, uniq_terence, uniq_robin, uniq_jessica, uniq_natasha

Notes
Turn   | Place    | Note
--------------------------------------------------------------
     0 | D:1      | rlgrobin the Mummy Monk began the quest for the Orb.
     0 | D:1      | Reached XP level 1. HP: 18/18 MP: 1/1
   403 | D:1      | Reached XP level 2. HP: 22/24 MP: 2/2
   904 | D:1      | Reached skill level 4 in Unarmed Combat
  1549 | D:2      | Found a white marble altar of Elyvilon.
  1559 | D:2      | Noticed Natasha
  1574 | D:2      | Reached XP level 3. HP: 28/29 MP: 3/3
  1719 | D:2      | Killed Natasha
  1894 | D:2      | Reached XP level 4. HP: 23/35 MP: 4/4
  2070 | D:2      | Slain by a gnoll

Vanquished Creatures
  Natasha (D:2)
  A gnoll (D:2)
  A dart slug (D:1)
  2 giant geckos (D:1)
  A ball python (D:2)
  2 bats
  2 giant cockroaches (D:1)
  5 goblins (D:1)
  4 hobgoblins (D:1)
  4 kobolds (D:1)
  A quokka (D:2)
  4 giant newts (D:1)
  A rat (D:1)
29 creatures vanquished.

Vanquished Creatures (others)
  A rat (D:2)
1 creature vanquished.

Grand Total: 30 creatures vanquished
